 Dungeon Crawl Stone Soup version 0.20.1-1-g8b1a95d66d (webtiles) character file.

140 Merkmirnix the Skirmisher (level 5, -1/63 HPs)
             Began as a Demonspawn Berserker on Aug 31, 2018.
             Was a Believer of Trog.
             Slain by a gnoll
             ... wielding a +0 flail
              (4 damage)
             ... on level 3 of the Dungeon on Dec 27, 2018.
             The game lasted 00:07:59 (1774 turns).

Merkmirnix the Skirmisher (Demonspawn Berserker)    Turns: 1774, Time: 00:08:00

Health: -1/63      AC:  8    Str: 24    XL:     5   Next: 2%
Magic:  5/5        EV:  8    Int:  8    God:    Trog [**....]
Gold:   119        SH:  7    Dex: 12    Spells: 4/4 levels left

rFire    . . .     SeeInvis .   a - +0 hand axe
rCold    . . .     Gourm    .   k - +0 buckler
rNeg     . . .     Faith    .   f - +0 chain mail
rPois    .         Spirit   .   (no helmet)
rElec    .         Reflect  .   (no cloak)
rCorr    .         Harm     .   (no gloves)
MR       .....                  (no boots)
Stlth    ..........             (no amulet)
Regen    0.2/turn               (no ring)
MPRegen  0.1/turn               (no ring)

@: berserking, very quick
A: large bone plates 1, demonic guardian 1
a: Berserk, Trog's Hand, Burn Spellbooks, Renounce Religion


You were on level 3 of the Dungeon.
You worshipped Trog.
Trog was pleased with you.
You were very hungry.

You visited 1 branch of the dungeon, and saw 3 of its levels.

You collected 119 gold pieces.

Inventory:

Hand Weapons
 a - a +0 hand axe (weapon)
Armour
 f - a +0 chain mail (worn)
 k - a +0 buckler (worn)
Jewellery
 o - an uncursed amulet of the gourmand {unknown}
Scrolls
 b - a scroll of teleportation {unknown}
 d - 2 scrolls of amnesia {unknown}
 e - 2 scrolls of identify {unknown}
 g - 2 scrolls of enchant weapon {unknown}
 i - a scroll of recharging {unknown}
 m - a scroll of remove curse {unknown}
 s - a scroll of fear {unknown}
Potions
 h - a potion of might {unknown}
 l - a potion of brilliance {unknown}
 n - a potion of lignification {unknown}
 r - a potion of magic {unknown}
Comestibles
 c - 2 bread rations
 j - a meat ration
 p - a chunk of flesh
 q - 3 fruits


   Skills:
 * Level 4.1 Fighting
 * Level 4.1 Axes
 * Level 2.4 Armour
 - Level 1.8 Dodging


You had 4 spell levels left.
You didn't know any spells.

Dungeon Overview and Level Annotations

Branches:
Dungeon (3/15)

Altars:
Trog


Innate Abilities, Weirdness & Mutations

You are partially covered in large bone plates. (SH +4)
A weak demonic guardian rushes to your aid.


Message History

The gnoll is heavily wounded.
The gnoll hits you.
* * * LOW HITPOINT WARNING * * *
You hit the gnoll.
The gnoll is severely wounded.
The gnoll closely misses you.
You slash the gnoll!
You kill the gnoll!
Trog accepts your kill.
You have reached level 5!
Your demonic ancestry asserts itself...
You feel the presence of a demonic guardian.
The gnoll misses your quasit.
You swap places.
The gnoll hits you but does no damage.
Things that are here:
an enchanted flail; a gnoll corpse You closely miss the gnoll.
Your chain mail prevents you from hitting the gnoll.
The gnoll hits you with a flail.
You die...

..................#.#.#.#...
............................
<....†...........##.#.......
.................##.#..#..K.
...........>........#.......
...######..............#
##.# #####.#..).....# #.#
#...gg.....# #.#
#.##@####### #.. #.##5##
#.....# ###...# #...# #...#
#.(.# #.(.# #...#


You could see 2 gnolls and a friendly quasit.

Vanquished Creatures
  2 gnolls (D:3)
  4 adders (D:2)
  An ooze (D:2)
  A worm (D:3)
  5 dart slugs
  3 leopard geckos
  An orc (D:3)
  2 ball pythons
  4 bats
  4 giant cockroaches
  2 goblins
  3 hobgoblins
  12 jackals
  A quokka (D:3)
  7 frilled lizards
  7 kobolds
  6 rats
  A plant (D:2)
66 creatures vanquished.

Notes
Turn   | Place    | Note
-------+----------+-------------------------------------------
     0 | D:1      | Merkmirnix the Demonspawn Berserker began the quest for the Orb.
     0 | D:1      | Reached XP level 1. HP: 18/18 MP: 1/1
   135 | D:1      | Gained mutation: You are partially covered in large bone plates. (SH +4) [demonic ancestry]
   135 | D:1      | Reached XP level 2. HP: 15/24 MP: 2/2
   712 | D:2      | Reached XP level 3. HP: 25/29 MP: 3/3
   754 | D:2      | Reached ** piety under Trog
   950 | D:2      | Reached XP level 4. HP: 26/37 MP: 4/4
  1142 | D:2      | Found a bloodstained altar of Trog.
  1770 | D:3      | HP: 2/55 [gnoll (5)]
  1772 | D:3      | Gained mutation: A weak demonic guardian rushes to your aid. [demonic ancestry]
  1772 | D:3      | Reached XP level 5. HP: 2/42 MP: 5/5
  1774 | D:3      | Slain by a gnoll

Skill      XL: |  1  2  3  4 |
---------------+-------------+-----
Armour         | 2 |  2.4
Axes           | 3 4 |  4.1
Fighting       | 4 |  4.1
Dodging        | |  1.8

Action                   |  1- 3 |  4- 6 || total
-------------------------+-------+-------++-------
Melee: Hand axe          |   145 |   171 ||   316
Invok: Berserk           |       |     1 ||     1
  Eat: Chunk             |       |     3 ||     3
Armor: Animal skin       |    13 |       ||    13
       Chain mail        |    27 |    93 ||   120
Dodge: Dodged            |    76 |    56 ||   132
Block: Other             |     7 |       ||     7
       Buckler           |    26 |    74 ||   100
